 Dungeon Crawl Stone Soup version 0.19.5 (webtiles) character file.

1101 tidbits the Carver (level 8, -1/50 HPs)
             Began as a High Elf Skald on July 13, 2017.
             Was a Believer of Okawaru.
             Slain by a wight
             ... wielding a +3 halberd of freezing
              (5 damage)
             ... on level 6 of the Dungeon.
             The game lasted 00:39:11 (3350 turns).

tidbits the Carver (High Elf Skald)                 Turns: 3350, Time: 00:39:11

Health: -1/50      AC:  5    Str: 13    XL:     8   Next: 10%
Magic:  9/14       EV: 12    Int: 15    God:    Okawaru [**....]
Gold:   93         SH:  0    Dex: 16    Spells: 5 memorised, 3 levels left

rFire  . . .     SeeInvis .     a - +0 falchion
rCold  . . .     Gourm    .     B - +0 leather armour
rNeg   . . .     Faith    .     (no shield)
rPois  .         Spirit   .     E - +0 helmet
rElec  .         Reflect  .     C - +0 cloak
rCorr  .         Harm     .     (no gloves)
MR     .....                    (no boots)
Stlth  +.........               (no amulet)
                                (no ring)
                                (no ring)

@: drained
A: no striking features
a: Heroism, Renounce Religion


You were on level 6 of the Dungeon.
You worshipped Okawaru.
Okawaru was pleased with you.
You were not hungry.

You visited 2 branches of the dungeon, and saw 7 of its levels.

You collected 339 gold pieces.
You spent 246 gold pieces at shops.

Inventory:

Hand Weapons
 a - a +0 falchion (weapon)
 h - a +0 hunting sling
   (You found it on level 2 of the Dungeon)
Missiles
 e - 39 arrows
 f - 149 stones
 i - 4 tomahawks (quivered)
 u - 23 sling bullets
Armour
 b - a cursed +0 ring mail
   (You found it on level 2 of the Dungeon)
 j - a +0 ring mail
   (You found it on level 2 of the Dungeon)
 B - a +0 leather armour (worn)
 C - a +0 cloak (worn)
   (You found it on level 2 of the Dungeon)
 E - a +0 helmet (worn)
   (You took it off Robin on level 3 of the Dungeon)
Wands
 g - a wand of polymorph (19/24)
   (You took it off Robin on level 3 of the Dungeon)
 w - a wand of teleportation (2/9)
   (You took it off Sigmund on level 2 of the Dungeon)
Scrolls
 l - a scroll of immolation {unknown}
 m - a scroll of fog
 n - a scroll of enchant weapon {unknown}
 p - a scroll of teleportation {unknown}
 q - a scroll of blinking
 r - 3 scrolls of remove curse
 t - a scroll of magic mapping
 v - a scroll of enchant armour {unknown}
Potions
 k - a potion of lignification {unknown}
 x - a potion of brilliance {unknown}
 z - a potion of invisibility {unknown}
 A - a potion of resistance {unknown}
 D - a potion of curing
Books
 c - a book of Battle

   Spells                             Type                      Level
   a - Infusion                       Charms                       1
   b - Shroud of Golubria             Charms/Translocation         2
   c - Song of Slaying                Charms                       2
   d - Spectral Weapon                Hexes/Charms                 3
   e - Regeneration                   Charms/Necromancy            3
Comestibles
 d - 4 bread rations
 o - 2 meat rations
 s - a chunk of flesh


   Skills:
 - Level 2.0(1.3) Fighting
 - Level 8.6(7.8) Long Blades
 - Level 1.0(0.3) Armour
 + Level 2.3(1.6) Dodging
 - Level 1.2(0.5) Stealth
 - Level 3.7(3.0) Spellcasting
 - Level 1.1(0.4) Hexes
 - Level 4.2(3.5) Charms
 - Level 5.1(4.3) Invocations


You had 3 spell levels left.
You knew the following spells:

 Your Spells              Type           Power        Failure   Level  Hunger
g - Shroud of Golubria    Chrm/Tloc      #.........   21%         2    ##.....
i - Infusion              Chrm           ##..         8%          1    #......
r - Regeneration          Chrm/Necr      #.........   38%         3    ###....
s - Song of Slaying       Chrm           ##......     12%         2    ##.....
w - Spectral Weapon       Hex/Chrm       #.......     38%         3    ###....


Dungeon Overview and Level Annotations

Branches:
Dungeon (6/15)             Temple (1/1) D:4

Altars:
Ashenzari
Cheibriados
Dithmenos
Fedhas
Gozag
Hepliaklqana
Kikubaaqudgha
Makhleb
Nemelex Xobeh
Okawaru
Qazlal
Ru
Sif Muna
Trog
Vehumet
Yredelemnul
Zin
The Shining One

Shops:
D:4 ?

Annotations:
D:5 Jessica


Message History

D - a potion of curing You now have 82 gold pieces (gained 14).
There is a stone staircase leading down here.
You climb downwards.
There is a stone staircase leading up here.
Found 11 gold pieces.
You now have 93 gold pieces (gained 11).
A bullfrog comes into view.
The bullfrog snags a nearby mouse with its tongue.
The bullfrog hits you.
Found 6 gold pieces.
Casting: Regeneration
Confirm with . or Enter, or press ? or * to list all spells.
You draw out your weapon's spirit!
You are feeling hungry.
The bullfrog closely misses you.
You riposte.
You closely miss the bullfrog. The bullfrog barely misses you.
You closely miss the bullfrog.
Your spectral weapon barely misses the bullfrog.
The bullfrog closely misses you.
You hit the bullfrog.
The bullfrog is moderately wounded.
Your spectral weapon hits the bullfrog.
The bullfrog barely misses you.
You riposte.
You hit the bullfrog but do no damage.
The bullfrog is heavily wounded.
You slash the bullfrog!
The bullfrog is severely wounded.
Your spectral weapon closely misses the bullfrog.
The bullfrog barely misses you.
You hit the bullfrog.
The bullfrog is almost dead.
Your spectral weapon closely misses the bullfrog.
The bullfrog hits you. The bullfrog misses you.
You riposte.
You closely miss the bullfrog.
The bullfrog is almost dead.
You hit the bullfrog.
You kill the bullfrog!
Okawaru accepts your kill.
Your Invocations skill increases to level 5!
You have reached level 8!
Eat one of 2 chunks of flesh? (ye/n/q)
You start eating one of the 2 chunks of flesh.
This raw flesh tastes terrible. 2 wights come into view.
A wight is wielding a halberd of freezing.
Found a stone staircase leading up.
A wight comes into view. It is wielding an enchanted mace.
You swap places.
Your spectral weapon fades away.
Casting: Spectral Weapon
Confirm with . or Enter, or press ? or * to list all spells.
Space distorts slightly along a thin shroud covering your body.
Casting: Shroud of Golubria
Confirm with . or Enter, or press ? or * to list all spells.
You draw out your weapon's spirit!
The wight hits you but does no damage.
You barely miss the wight.
Your spectral weapon barely misses the wight.
The wight misses you.
You riposte.
You closely miss the wight. The wight misses you.
You barely miss the wight.
Your spectral weapon closely misses the wight.
The wight barely misses you.
You riposte.
You hit the wight.
The wight is lightly damaged.
You hit the wight.
The wight is moderately damaged.
Your spectral weapon barely misses the wight.
Your shroud bends the wight's attack away.
You hit the wight but do no damage.
The wight is moderately damaged.
Your spectral weapon hits the wight!
The wight closely misses your spectral weapon.
The wight hits you from afar with a halberd of freezing.
You feel drained. The wight freezes you.
You hit the wight but do no damage.
The wight is severely damaged.
Your spectral weapon hits the wight.
The wight hits you with a mace!
You feel drained.
The wight hits you from afar with a halberd of freezing!
* * * LOW HITPOINT WARNING * * *
Your shroud falls apart!
The wight freezes you.
* * * LOW HITPOINT WARNING * * *
You hit the wight but do no damage.
The wight is almost destroyed.
Your spectral weapon misses the wight.
The wight hits you with a mace.
* * * LOW HITPOINT WARNING * * *
You feel drained.
* * * LOW HITPOINT WARNING * * *
Unknown command.
You barely miss the wight.
The wight is almost destroyed.
Your spectral weapon hits the wight.
You destroy the wight!
Okawaru accepts your kill.
Your base Dodging skill increases to level 2!
The wight hits you from afar with a halberd of freezing!
* * * LOW HITPOINT WARNING * * *
The wight freezes you.
You die...

#..z..###### #....##
#.. #....# #.. #..z.#
.. ###.###.# #.##..#
#z##.## ######.)(..#
##.......@..########.
##....................
#...................#
#...............###..
#................#
#..............#<#
#..............#.#
##............##.#
##..........###.#


You could see a wight and a friendly spectral falchion.

Vanquished Creatures
  Grinder (D:3)
  Sigmund (D:2)
  A sky beast (D:5)
  An ogre (D:5)
  2 bullfrogs
  A wight (D:6)
  A bullfrog zombie (D:5)
  A hound (D:4)
  2 orc wizards
  An iguana (D:5)
  3 worker ants
  A hound skeleton (D:5)
  Robin (D:3)
  2 gnolls (D:5)
  3 adders
  6 worms
  2 dart slugs
  3 leopard geckos
  9 orcs
  2 ball pythons
  4 giant cockroaches
  12 goblins
  8 hobgoblins
  3 quokkas
  5 bats
  2 frilled lizards (D:1)
  A jackal zombie (D:5)
  7 kobolds
  A quokka skeleton (D:3)
  3 rats
90 creatures vanquished.

Notes
Turn   | Place    | Note
-------+----------+-------------------------------------------
     0 | D:1      | tidbits the High Elf Skald began the quest for the Orb.
     0 | D:1      | Reached XP level 1. HP: 14/14 MP: 4/4
     9 | D:1      | Reached skill level 1 in Armour
   230 | D:1      | Reached skill level 1 in Stealth
   318 | D:1      | Reached XP level 2. HP: 9/19 MP: 1/6
   322 | D:1      | Learned a level 2 spell: Shroud of Golubria
   434 | D:2      | Noticed an air elemental
   451 | D:2      | Found a stormy altar of Qazlal.
   690 | D:2      | Noticed an earth elemental
   690 | D:2      | Noticed a fire elemental
   690 | D:2      | Noticed a water elemental
   752 | D:2      | Found a basalt altar of Yredelemnul.
   752 | D:2      | Found an opulent altar of Gozag.
   795 | D:2      | Noticed Sigmund
   807 | D:2      | Reached skill level 3 in Long Blades
   984 | D:2      | Reached XP level 3. HP: 16/24 MP: 0/7
   993 | D:2      | Found a deep blue altar of Sif Muna.
  1034 | D:2      | Learned a level 3 spell: Spectral Weapon
  1203 | D:2      | Reached skill level 1 in Hexes
  1203 | D:2      | Reached skill level 4 in Charms
  1203 | D:2      | Reached XP level 4. HP: 8/29 MP: 1/8
  1429 | D:3      | Reached skill level 4 in Long Blades
  1470 | D:3      | Noticed Grinder
  1531 | D:3      | Noticed Robin
  1537 | D:3      | Killed Robin
  1607 | D:3      | Reached skill level 5 in Long Blades
  1655 | D:3      | Reached XP level 5. HP: 21/34 MP: 0/9
  1851 | D:4      | Reached skill level 6 in Long Blades
  2039 | D:4      | Found Vicawyef's Magic Scroll Boutique.
  2072 | D:4      | Bought a scroll of blinking for 97 gold pieces
  2072 | D:4      | Bought a scroll of remove curse for 39 gold pieces
  2072 | D:4      | Bought a scroll of random uselessness for 13 gold pieces
  2072 | D:4      | Bought a scroll of magic mapping for 45 gold pieces
  2094 | D:5      | Entered Level 5 of the Dungeon
  2113 | D:5      | Reached skill level 3 in Spellcasting
  2113 | D:5      | Reached XP level 6. HP: 5/39 MP: 2/11
  2123 | D:5      | Learned a level 3 spell: Regeneration
  2370 | D:3      | Learned a level 2 spell: Song of Slaying
  2481 | D:4      | Found a staircase to the Ecumenical Temple.
  2493 | D:4      | Bought a scroll of identify for 26 gold pieces
  2493 | D:4      | Bought a scroll of identify for 26 gold pieces
  2514 | Temple   | Entered the Ecumenical Temple
  2544 | Temple   | Became a worshipper of Warmaster Okawaru
  2587 | D:5      | Noticed a sky beast
  2615 | D:5      | Killed a sky beast
  2615 | D:5      | Reached skill level 7 in Long Blades
  2864 | D:4      | Reached XP level 7. HP: 30/45 MP: 1/13
  2977 | D:2      | Killed Sigmund
  2977 | D:2      | Reached * piety under Okawaru
  2977 | D:2      | Reached skill level 8 in Long Blades
  3127 | D:3      | Killed Grinder
  3127 | D:3      | Reached skill level 3 in Invocations
  3210 | D:4      | Reached skill level 4 in Invocations
  3231 | D:5      | Noticed Jessica
  3325 | D:6      | Reached ** piety under Okawaru
  3325 | D:6      | Reached skill level 5 in Invocations
  3325 | D:6      | Reached XP level 8. HP: 48/50 MP: 10/14
  3350 | D:6      | Reached skill level 2 in Dodging
  3350 | D:6      | HP: 4/50 [wight/halberd of freezing (13)]
  3350 | D:6      | Slain by a wight

Skill      XL: |  1  2  3  4  5  6  7  8 |
---------------+-------------------------+-----
Armour         | 1 |  1.0
Stealth        | 1 |  1.2
Long Blades    | 3 5 6 7 8 |  8.6
Hexes          | 1 |  1.1
Charms         | 4 |  4.2
Spellcasting   | 3 |  3.7
Invocations    | 5 |  5.1
Dodging        | 2 |  2.3
Fighting       | |  2.0

Action                   |  1- 3 |  4- 6 |  7- 9 || total
-------------------------+-------+-------+-------++-------
Melee: Falchion          |    92 |   146 |    59 ||   297
 Cast: Infusion          |    23 |     9 |       ||    32
       Shroud of Golubri |     4 |    13 |     4 ||    21
       Spectral Weapon   |       |    17 |    10 ||    27
       Regeneration      |       |     4 |     2 ||     6
  Use: Scroll            |     2 |     4 |       ||     6
       Potion            |     2 |       |     2 ||     4
 Stab: Sleeping          |     2 |     3 |       ||     5
       Distracted        |       |     1 |       ||     1
  Eat: Chunk             |     1 |    11 |     3 ||    15
Armor: Leather armour    |    13 |    39 |     7 ||    59
Dodge: Dodged            |    45 |    67 |    32 ||   144
       Rpst.: Falchion   |    11 |    24 |    10 ||    45

Table legend:
 A = Turns spent in this place as a percentage of turns spent in the entire game.
 B = Non-inter-level travel turns spent in this place as a percentage of non-inter-level travel turns spent in the entire game.
 C = Inter-level travel turns spent in this place as a percentage of turns spent in this place.
 D = Turns resting spent in this place as a percentage of non-inter-level travel turns spent in this place.
 E = Turns spent auto-exploring this place as a percentage of non-inter-level travel turns spent in this place.
 F = Non-inter-level travel turns spent in this place divided by the number of levels of this place that you've seen.
                   A       B       C       D       E      F
               +-------+-------+-------+-------+-------+----------------------
         Total | 100.0 | 100.0 |   0.6 |   0.3 |   0.0 | 393.1
       Dungeon |  98.3 |  98.3 |   0.6 |   0.3 |   0.0 | 450.7
        Temple |   1.7 |   1.7 |   0.0 |   0.0 |   0.0 |  48.0
               +-------+-------+-------+-------+-------+----------------------

Table legend:
 A = Kills in this place as a percentage of kills in entire the game.
 B = Kills by you in this place as a percentage of kills by you in the entire game.
 C = Kills by friends in this place as a percentage of kills by friends in the entire game.
 D = Other kills in this place as a percentage of other kills in the entire game.
 E = Experience gained in this place as a percentage of experience gained in the entire game.
 F = Experience gained in this place divided by the number of levels of this place that you have seen.
                   A       B       C       D       E      F
               +-------+-------+-------+-------+-------+----------------------
         Total | 100.0 | 100.0 |  -nan |  -nan | 100.0 | 224.7
       Dungeon | 100.0 | 100.0 |  -nan |  -nan | 100.0 | 262.2
               +-------+-------+-------+-------+-------+----------------------

Vault maps used:
D:1:      co_arrival_square_in_a_square_in_a_square
D:2:      overflow_temple_1_default, nicolae_qazlal_style_of_elements,
          gammafunk_temple_overflow_wave, uniq_sigmund
D:3:      uniq_robin, uniq_grinder
D:4:      temple_statues, first_bread, serial_shops, shop_coins
D:5:      minmay_misc_feat_chi, tgw_sif
Temple:   nicolae_temple_great_sept
